cohdb
Replays
Latest Replays
All Replays
Popular Replays
Top Player Replays
Match Explorer
How It Works
Community
CoH3 Stats
Reddit
Sign in to upload your games and track your stats! →
Sign in with Steam
Match 43595719
Unlisted
Match 43595719
Overview
Messages
Build Orders
End
Selects Australian Defense Battlegroup
Selects Australian Light Infantry Section
Australian Light Infantry Section
Construct Section Command Post
Infantry Section
Infantry Section
Construct Platoon Command Post
Humber Armored Car
Selects CMP 15cwt Supply Run
CMP 15cwt Supply Run
Humber Armored Car
Unlock Bishop Self-propelled Artillery
Bishop Self-propelled Artillery
CMP 15cwt Supply Run
Unlock M3 Stuart Light Tanks
M3 Stuart Light Tank
M3 Stuart Light Tank
DeGustatorXD
Pocket
Hex
LuckSeeker
GERMAX
RhumsteaK
King Raptor
SHELDONATOR
0
0
Comments
sign in to comment!
No comments posted yet!